 Dungeon Crawl Stone Soup version 0.25.0-37-gb73750e0fb (webtiles) character file.

Game seed: 16047559614746499283

84046 raetorn the Phalangite (level 15, -1/122 HPs)
             Began as a Merfolk Berserker on July 9, 2020.
             Was the Champion of Trog.
             Shot with an arrow by Nessos (3 damage)
             ... on level 6 of the Lair of Beasts.
             The game lasted 00:35:24 (20511 turns).

raetorn the Phalangite (Merfolk Berserker)         Turns: 20511, Time: 00:35:24

Health: -1/122     AC: 12    Str: 29    XL:     15   Next: 79%
Magic:  15/15      EV: 25    Int:  7    God:    Trog [******]
Gold:   1662       SH:  0    Dex: 20    Spells: 14/14 levels left

rFire    . . .     SeeInvis .   a - +9 bardiche (flame)
rCold    . . .     Gourm    .   (shield currently unavailable)
rNeg     . . .     Faith    .   M - +0 acid dragon scales
rPois    .         Spirit   .   P - +2 hat
rElec    .         Reflect  .   g - +2 cloak
rCorr    +         Harm     .   F - +0 pair of gloves
MR       +....                  (no boots)
Stlth    +.........             r - amulet of regeneration
HPRegen  0.70/turn              e - +6 ring of strength
MPRegen  0.14/turn              p - +6 ring of strength

@: lethally poisoned (-1 -> -18)
A: change form in water, swift swim, stealthy swim
a: Berserk, Trog's Hand, Brothers in Arms, Renounce Religion


You were on level 6 of the Lair of Beasts.
You worshipped Trog.
Trog was exalted by your worship.
You were not hungry.

You visited 2 branches of the dungeon, and saw 21 of its levels.
You also visited: Bailey.

You collected 1662 gold pieces.

Inventory:

Hand Weapons
 a - a +9 bardiche of flaming (weapon)
 b - a +2 antimagic halberd
 s - the +12 halberd of Tepn {flame, +Fly rC+}
   (Trog gifted it to you on level 5 of the Lair of Beasts)

   It has been specially enchanted to burn those struck by it, causing extra
   injury to most foes and up to half again as much damage against particularly
   susceptible opponents.
   Big, fiery blades are also staple armaments of hydra-hunters.
   It protects you from cold.
   It lets you fly.
Missiles
 h - 95 boomerangs (quivered)
 i - 3 atropa-tipped darts
 H - 5 datura-tipped darts
 I - 5 javelins
 J - a throwing net
 R - 3 silver boomerangs
Armour
 g - a +2 cloak (worn)
 F - a +0 pair of gloves (worn)
 M - +0 acid dragon scales (worn)
 P - a +2 hat (worn)
Jewellery
 e - a +6 ring of strength (left hand)
 p - a +6 ring of strength (right hand)
 r - an amulet of regeneration (around neck)
 A - an uncursed ring of protection from fire
 Y - an uncursed ring of ice
Wands
 t - a wand of digging (11)
 v - a wand of disintegration (32)
 y - a wand of acid (5)
 C - a wand of iceblast (52)
 K - a wand of polymorph (9)
 T - a wand of flame (22)
 U - a wand of clouds (10)
Scrolls
 d - a scroll of torment
 f - a scroll of summoning
 k - 3 scrolls of immolation
 l - 3 scrolls of magic mapping
 m - 18 scrolls of remove curse
 E - a scroll of blinking {unknown}
 G - 2 scrolls of fog
 L - 6 scrolls of teleportation
 O - a scroll of acquirement {unknown}
 S - 2 scrolls of amnesia {unknown}
 X - a scroll of holy word {unknown}
 Z - a scroll of vulnerability {unknown}
Potions
 j - 12 potions of curing
 n - 3 potions of mutation
 o - 7 potions of heal wounds
 q - 7 potions of lignification
 u - 5 potions of cancellation
 w - 3 potions of flight
 x - 6 potions of brilliance
 z - 6 potions of magic {unknown}
 B - 5 potions of stabbing
 D - 3 potions of might {unknown}
 N - 3 potions of haste
 W - 2 potions of degeneration {unknown}
Miscellaneous
 Q - a lightning rod (4/4)
Comestibles
 c - 47 rations
 V - 10 chunks of flesh


   Skills:
 - Level 12.7 Fighting
 + Level 25.9 Polearms
 - Level 6.7 Throwing
 - Level 1.3 Armour
 - Level 15.5 Dodging


You had 14 spell levels left.
You didn't know any spells.
Your spell library was empty.

Dungeon Overview and Level Annotations

Branches:
Dungeon (15/15)            Temple (0/1) D:6            Lair (6/6) D:8
 Shoals (0/4) Lair:2        Snake (0/4) Lair:3        Slime (0/5) Lair:5
    Orc (0/2) D:12         Vaults (0/5) D:13         Depths (0/5) D:15
 Bailey (visited)

Altars:
Fedhas
Nemelex Xobeh
Sif Muna
Uskayaw
Vehumet
Xom
Jiyva

Shops:
D:8 [*   D:10 }   D:12 %(

Portals:
Abyss: Lair:6

Annotations:
D:5 exclusion: statue
D:6 1 runed translucent door
Lair:6 2 transporters, Nessos; Vuotul's ghost, journeyman GrFE


Message History

As you read the scroll of fog, it crumbles to dust.
The scroll dissolves into smoke.
Nessos blinks! x2
Nessos intently looks at you, slowly moving their tail.
Nessos blinks!
Nessos shoots an arrow.
The arrow completely misses you.
You see here an arrow.
Nessos shoots an arrow.
The arrow completely misses you.
Nessos intently looks at you, slowly moving their tail.
You see here an arrow.
Nessos shoots an arrow.
The arrow hits you!
* * * LOW HITPOINT WARNING * * *
The arrow burns you.
You are poisoned.
* * * LOW HITPOINT WARNING * * *
There is a stone staircase leading up here.
You see here an arrow.
You feel sick.
Nessos shoots an arrow.
The arrow hits you!!
* * * LOW HITPOINT WARNING * * *
The arrow burns you.
You are lethally poisoned!
You die...

.......#...####.(..........#.#..#
..#...#.#### #..§§§...........#.
..######### ##§§§§..........÷..
..##.#.##.######§§§§.PP..........
....#.#....#.##§§§§..P.#..P.#..##
#...÷.........###c§###P####....##
##............##..§.####...#...##
###.#...#.#..##.................
####.#####..#@................ #
########.####.#..#####P.###.
######..#.#...# ##### ##. ##
#.#.#.........# ##
.†.#.........## .............#
...†.##....### ....#.##.#.#
#..#########


You could see Nessos (fast).

Vanquished Creatures
  Kirke (D:12)
  A dire elephant (Lair:6)
  2 fire dragons (D:15)
  Harold (D:7)
  6 hydras
  Fannar (Lair:3)
  2 ogre magi (D:15)
  5 centaur warriors
  2 dancing weapons (D:13)
  A catoblepas (Lair:6)
  12 two-headed ogres
  A tengu warrior (D:14)
  Nergalle (D:11)
  4 unseen horrors
  An orc knight (Bailey)
  A harpy (D:14)
  A wolf spider (D:14)
  A deep elf mage (D:14)
  3 ugly things
  4 cyclopes
  A manticore (D:11)
  The ghost of Ethylacetat the Covert, a novice OpAs (D:6)
  2 merfolk sirens (Lair:2)
  5 elephants (Lair:6)
  Maurice (D:12)
  4 black mambas
  A centaur zombie (D:12)
  9 gargoyles
  6 spiny frogs
  The ghost of Ethylacetat the Cutter, a novice OpAs (D:6)
  4 rime drakes
  11 komodo dragons
  9 polar bears (Lair:6)
  5 trolls
  2 merfolk (Lair:2)
  4 raiju (Lair:6)
  8 slime creatures (D:12)
  9 hippogriffs
  15 dream sheep
  A centaur simulacrum (D:15)
  A meliai zombie (D:15)
  A shadow (D:15)
  Sigmund (D:2)
  A spriggan (D:7)
  3 vampires
  3 wyverns
  5 hogs (D:12)
  5 hungry ghosts
  3 basilisks
  26 yaks
  2 wraiths
  Eustachio (D:4)
  3 chaos spawn (D:9)
  4 nagas (Lair:3)
  4 wargs (Lair:6)
  An acid dragon (D:12)
  2 soldier ants
  36 water moccasins
  13 hell hounds (Lair:6)
  6 porcupines
  11 orc warriors
  13 black bears
  5 ice beasts
  A hornet zombie (D:14)
  An eye of draining (D:11)
  A phantom (D:11)
  A necrophage (D:10)
  5 sky beasts
  7 ogres
  15 crocodiles
  27 wolves
  15 centaurs
  4 big kobolds
  17 bullfrogs
  3 gnoll sergeants
  A wyvern zombie (D:9)
  6 scorpions
  A wyvern skeleton (D:14)
  2 killer bees
  5 wights
  2 electric eels (Lair:5)
  5 howler monkeys
  14 crimson imps
  A bullfrog zombie (D:5)
  12 hounds
  2 jellies
  8 orc priests
  Crazy Yiuf (D:2)
  6 orc wizards
  2 bullfrog skeletons
  4 centaur skeletons
  7 iguanas
  Natasha (thrice) (D:4)
  19 worker ants
  2 killer bee zombies
  A hound skeleton (D:5)
  A worker ant zombie (D:10)
  32 gnolls
  20 adders
  4 shadow imps
  An ooze (D:1)
  2 adder zombies (D:9)
  2 worms (D:3)
  A dart slug (D:1)
  3 leopard geckos
  48 orcs
  7 giant cockroaches
  6 goblins
  17 hobgoblins
  6 jackals
  A ball python (D:8)
  4 bats
  5 frilled lizards
  38 kobolds
  2 leopard gecko skeletons (D:4)
  5 rats
706 creatures vanquished.

Vanquished Creatures (collateral kills)
  An ogre (D:8)
1 creature vanquished.

Vanquished Creatures (others)
  11 plants
11 creatures vanquished.

Grand Total: 718 creatures vanquished

Notes
Turn   | Place    | Note
-------+----------+-------------------------------------------
     0 | D:1      | raetorn the Merfolk Berserker began the quest for the Orb.
     0 | D:1      | Reached XP level 1. HP: 18/18 MP: 1/1
    83 | D:1      | HP: 16/18 [ooze (2)]
    87 | D:1      | Reached skill level 5 in Polearms
   187 | D:1      | Reached XP level 2. HP: 24/24 MP: 2/2
   322 | D:1      | HP: 21/24 [goblin/+0 dagger (3)]
   335 | D:1      | HP: 21/24 [hobgoblin (1)]
   344 | D:1      | HP: 19/24 [kobold/stone (1)]
   349 | D:1      | HP: 16/24 [kobold (2)]
   557 | D:1      | HP: 23/24 [bat (1)]
   759 | D:1      | HP: 22/24 [dart slug (2)]
   760 | D:1      | Reached skill level 6 in Polearms
   760 | D:1      | Reached XP level 3. HP: 26/29 MP: 3/3
   956 | D:2      | Reached ** piety under Trog
   972 | D:2      | Noticed Sigmund
   985 | D:2      | HP: 41/43 [adder (2)]
   991 | D:2      | HP: 40/43 [poisoned by an adder]
   998 | D:2      | HP: 25/29 [poisoned by an adder]
  1003 | D:2      | HP: 24/29 [poisoned by an adder]
  1081 | D:2      | HP: 27/29 [Sigmund/+0 scythe (2)]
  1088 | D:2      | HP: 29/43 [Sigmund/+0 scythe (11)]
  1090 | D:2      | Killed Sigmund
  1090 | D:2      | Reached skill level 9 in Polearms
  1090 | D:2      | Reached XP level 4. HP: 35/35 MP: 4/4
  1090 | D:2      | Reached XP level 5. HP: 41/41 MP: 5/5
  1405 | D:2      | HP: 40/41 [bat (1)]
  1631 | D:2      | Found a runed translucent door.
  1632 | D:2      | Noticed Crazy Yiuf
  1638 | D:2      | Killed Crazy Yiuf
  1638 | D:2      | Reached XP level 6. HP: 47/47 MP: 6/6
  1693 | D:3      | Found a shimmering blue altar of Sif Muna.
  1693 | D:3      | Found a hide-covered altar of Uskayaw.
  1862 | D:3      | HP: 46/47 [killer bee zombie (1)]
  2270 | D:3      | HP: 43/47 [worm (4)]
  2275 | D:3      | HP: 35/47 [worm (2)]
  2372 | D:3      | HP: 43/47 [hobgoblin (4)]
  2462 | D:3      | HP: 39/47 [worm (8)]
  2650 | D:4      | Noticed Eustachio
  2658 | D:4      | HP: 68/70 [Eustachio/+0 rapier (2)]
  2662 | D:4      | Killed Eustachio
  2706 | D:4      | HP: 44/47 [orc (3)]
  2750 | D:4      | HP: 44/47 [adder (3)]
  2754 | D:4      | Reached skill level 10 in Polearms
  2759 | D:4      | HP: 41/47 [poisoned by an adder]
  2764 | D:4      | HP: 39/47 [poisoned by an adder]
  2769 | D:4      | HP: 36/47 [poisoned by an orc]
  2775 | D:4      | HP: 34/47 [poisoned by an orc]
  2776 | D:4      | Reached XP level 7. HP: 38/52 MP: 7/7
  2781 | D:4      | HP: 36/52 [poisoned by an orc]
  2786 | D:4      | HP: 31/52 [poisoned by an orc]
  2792 | D:4      | HP: 30/52 [poisoned by an orc]
  2800 | D:4      | HP: 29/52 [poisoned by an orc]
  2952 | D:4      | Noticed Natasha
  2959 | D:4      | HP: 45/52 [Natasha (7)]
  2967 | D:4      | Killed Natasha
  2967 | D:4      | Reached *** piety under Trog
  2987 | D:4      | Noticed Natasha
  2992 | D:4      | HP: 73/78 [Natasha/magic dart (4)]
  2997 | D:4      | Killed Natasha
  2997 | D:4      | Reached skill level 5 in Dodging
  3044 | D:4      | HP: 45/52 [worker ant (7)]
  3050 | D:4      | HP: 39/52 [worker ant (4)]
  3056 | D:4      | HP: 31/52 [poisoned by a worker ant]
  3061 | D:4      | HP: 29/52 [poisoned by a worker ant]
  3066 | D:4      | HP: 28/52 [poisoned by a worker ant]
  3072 | D:4      | Noticed Natasha
  3073 | D:4      | HP: 27/52 [poisoned by a worker ant]
  3082 | D:4      | HP: 29/78 [poisoned by a worker ant]
  3083 | D:4      | Killed Natasha
  3248 | D:4      | HP: 47/52 [leopard gecko skeleton (2)]
  3315 | D:4      | HP: 51/52 [orc wizard/+0 spear (1)]
  3320 | D:4      | HP: 47/52 [orc/+0 trident (4)]
  3519 | D:4      | HP: 42/52 [ogre/+0 giant spiked club (10)]
  3521 | D:4      | HP: 11/52 [ogre/+0 giant spiked club (32)]
  3593 | D:4      | HP: 56/78 [ogre/+0 giant spiked club (21)]
  3742 | D:5      | Entered Level 5 of the Dungeon
  3746 | D:5      | HP: 50/52 [worker ant (2)]
  3751 | D:5      | HP: 68/78 [poisoned by a worker ant]
  3756 | D:5      | HP: 67/78 [poisoned by a worker ant]
  3761 | D:5      | HP: 67/78 [poisoned by a worker ant]
  3766 | D:5      | HP: 60/78 [poisoned by a worker ant]
  3773 | D:5      | Reached skill level 11 in Polearms
  3773 | D:5      | HP: 39/52 [poisoned by a worker ant]
  3779 | D:5      | HP: 41/52 [poisoned by a worker ant]
  3784 | D:5      | HP: 44/52 [poisoned by a worker ant]
  4027 | D:5      | Reached XP level 8. HP: 58/58 MP: 8/8
  4135 | D:5      | HP: 56/58 [bullfrog zombie (2)]
  4229 | D:5      | HP: 56/58 [something (2)]
  4269 | D:5      | Found a radiant altar of Vehumet.
  4332 | D:5      | HP: 57/58 [crimson imp (1)]
  4339 | D:5      | Reached skill level 12 in Polearms
  4510 | D:5      | HP: 49/58 [centaur/arrow (9)]
  4515 | D:5      | HP: 44/58 [centaur (3)]
  4618 | D:5      | HP: 49/58 [orc warrior/+0 mace (9)]
  4628 | D:5      | HP: 41/58 [orc warrior/+0 mace (12)]
  4824 | D:6      | HP: 54/58 [orc/+0 flail (4)]
  4863 | D:6      | Found a shimmering blue altar of Sif Muna.
  4890 | D:6      | HP: 54/58 [hound (4)]
  4909 | D:6      | Found a blossoming altar of Fedhas.
  4956 | D:6      | Found a runed translucent door.
  4960 | D:6      | Found a runed translucent door.
  4966 | D:6      | Reached skill level 13 in Polearms
  4996 | D:6      | HP: 80/87 [killer bee (7)]
  5005 | D:6      | HP: 76/87 [poisoned by a killer bee]
  5010 | D:6      | HP: 78/87 [poisoned by a killer bee]
  5012 | D:6      | Reached skill level 14 in Polearms
  5014 | D:6      | Reached XP level 9. HP: 64/64 MP: 9/9
  5017 | D:6      | HP: 90/96 [poisoned by a killer bee]
  5025 | D:6      | HP: 94/96 [poisoned by a killer bee]
  5032 | D:6      | HP: 63/64 [poisoned by a killer bee]
  5037 | D:6      | HP: 63/64 [poisoned by a killer bee]
  5066 | D:6      | Found a runed translucent gate.
  5067 | D:6      | Found a runed translucent gate.
  5067 | D:6      | Found a runed translucent gate.
  5069 | D:6      | Noticed Ethylacetat's ghost (novice OpAs)
  5069 | D:6      | Noticed Ethylacetat's ghost (novice OpAs)
  5071 | D:6      | HP: 57/64 [bullfrog (7)]
  5189 | D:6      | HP: 62/64 [jackal (2)]
  5191 | D:6      | Reached **** piety under Trog
  5219 | D:6      | Found a staircase to the Ecumenical Temple.
  5392 | D:6      | HP: 63/64 [adder (1)]
  5397 | D:6      | HP: 63/64 [poisoned by an adder]
  5405 | D:6      | HP: 63/64 [poisoned by an adder]
  5600 | D:6      | HP: 63/64 [Ethylacetat's ghost (1)]
  5601 | D:6      | Killed Ethylacetat's ghost
  5601 | D:6      | Reached skill level 15 in Polearms
  5620 | D:6      | HP: 63/64 [Ethylacetat's ghost (1)]
  5625 | D:6      | HP: 63/64 [Ethylacetat's ghost (1)]
  5630 | D:6      | HP: 60/64 [Ethylacetat's ghost (4)]
  5631 | D:6      | Killed Ethylacetat's ghost
  5631 | D:6      | Reached skill level 16 in Polearms
  5664 | D:7      | Noticed Harold
  5670 | D:7      | HP: 83/96 [Harold/+0 dire flail (13)]
  5676 | D:7      | HP: 72/96 [Harold/+0 dire flail (13)]
  5681 | D:7      | HP: 48/64 [centaur (2)]
  5684 | D:7      | HP: 19/64 [bullfrog (6)]
  5690 | D:7      | HP: 18/64 [bullfrog (7)]
  5702 | D:7      | HP: 40/64 [hound (3)]
  5707 | D:7      | HP: 19/64 [acid (5)]
  5725 | D:7      | HP: 28/64 [centaur/arrow (9)]
  5741 | D:7      | HP: 34/64 [orc wizard/+0 dagger (1)]
  5748 | D:7      | HP: 32/64 [orc/+0 mace (1)]
  5757 | D:7      | HP: 27/64 [orc priest/nerve-wracking pain (13)]
  5764 | D:7      | HP: 30/64 [orc warrior/+0 trident (3)]
  5769 | D:7      | HP: 32/64 [bullfrog skeleton (1)]
  5774 | D:7      | HP: 36/64 [orc warrior/+0 trident (1)]
  5784 | D:7      | HP: 47/96 [orc priest/+1 hand axe of electrocution (15)]
  5863 | D:7      | Reached skill level 17 in Polearms
  5960 | D:7      | HP: 54/64 [orc warrior/+0 glaive (10)]
  6041 | D:7      | Reached XP level 10. HP: 70/70 MP: 10/10
  6098 | D:7      | HP: 93/105 [Harold/+0 dire flail (12)]
  6106 | D:7      | HP: 94/105 [Harold/+0 dire flail (2)]
  6112 | D:7      | HP: 81/105 [Harold/+0 dire flail (14)]
  6116 | D:7      | Killed Harold
  6116 | D:7      | Reached skill level 18 in Polearms
  6328 | D:7      | HP: 62/70 [spriggan baker/+0 dagger (8)]
  6372 | D:7      | HP: 69/70 [ice beast (1)]
  6418 | D:7      | HP: 69/70 [adder (1)]
  6423 | D:7      | HP: 69/70 [poisoned by an adder]
  6431 | D:7      | HP: 69/70 [poisoned by an adder]
  6470 | D:7      | HP: 69/70 [crimson imp (1)]
  6504 | D:7      | HP: 64/70 [orc warrior/+0 long sword (6)]
  6511 | D:7      | HP: 66/70 [orc (1)]
  6567 | D:8      | HP: 68/70 [centaur/arrow (2)]
  6624 | D:8      | HP: 68/70 [sky beast (2)]
  6698 | D:8      | Found a staircase to the Lair.
  6735 | D:8      | HP: 55/70 [orc priest/divine providence (15)]
  6743 | D:8      | HP: 44/70 [orc wizard/puff of frost (2)]
  6753 | D:8      | HP: 48/70 [iguana (2)]
  6761 | D:8      | HP: 34/70 [orc priest/divine providence (13)]
  6767 | D:8      | HP: 39/106 [orc priest/divine providence (16)]
  6786 | D:8      | HP: 30/71 [ogre/+0 giant spiked club (10)]
  6899 | D:8      | HP: 64/71 [hippogriff (7)]
  6942 | D:8      | HP: 66/71 [gnoll (5)]
  6951 | D:8      | HP: 96/106 [hippogriff (6)]
  6975 | D:8      | HP: 72/73 [orc/+0 club (1)]
  7071 | D:8      | Noticed a two-headed ogre
  7071 | D:8      | HP: 69/73 [two-headed ogre/+0 giant spiked club (4)]
  7077 | D:8      | HP: 50/73 [two-headed ogre/+0 giant spiked club (7)]
  7080 | D:8      | Killed a two-headed ogre
  7080 | D:8      | Reached skill level 19 in Polearms
  7151 | D:8      | Noticed a gargoyle
  7155 | D:8      | HP: 65/73 [gargoyle/+2 mace of protection (8)]
  7158 | D:8      | Killed a gargoyle
  7158 | D:8      | Reached skill level 5 in Fighting
  7174 | D:8      | Noticed a gargoyle
  7177 | D:8      | HP: 63/74 [gargoyle/+0 flail (11)]
  7179 | D:8      | Killed a gargoyle
  7179 | D:8      | Reached XP level 11. HP: 55/80 MP: 11/11
  7238 | D:8      | HP: 74/81 [gargoyle/cursed -2 morningstar (7)]
  7243 | D:8      | HP: 54/81 [gargoyle/cursed -2 morningstar (7)]
  7295 | D:8      | HP: 49/81 [gargoyle/stone arrow (32)]
  7403 | D:8      | Found Vevuv's Antique Armour Shoppe.
  7599 | D:8      | Found Wejif's Serpentskin Sales.
  7608 | D:8      | HP: 79/81 [water moccasin (2)]
  7614 | D:8      | HP: 77/81 [poisoned by a water moccasin]
  7619 | D:8      | HP: 76/81 [poisoned by a water moccasin]
  7624 | D:8      | HP: 76/81 [poisoned by a water moccasin]
  7629 | D:8      | HP: 77/81 [poisoned by a water moccasin]
  7636 | D:8      | HP: 79/81 [poisoned by a water moccasin]
  7644 | D:8      | HP: 80/81 [poisoned by a water moccasin]
  7689 | D:9      | HP: 74/81 [wyvern zombie (7)]
  7708 | D:9      | HP: 79/81 [something (2)]
  7713 | D:9      | HP: 69/81 [something (2)]
  7718 | D:9      | HP: 64/81 [something (1)]
  7723 | D:9      | HP: 58/81 [something (4)]
  7728 | D:9      | HP: 51/81 [something (1)]
  7729 | D:9      | Killed an unseen horror
  7781 | D:9      | HP: 80/82 [crimson imp (2)]
  7942 | D:9      | HP: 81/83 [killer bee zombie (2)]
  7952 | D:9      | Reached ***** piety under Trog
  7968 | D:9      | HP: 78/83 [orc/+0 flail (5)]
  7982 | D:9      | HP: 72/83 [chaos spawn (11)]
  7997 | D:9      | HP: 78/83 [chaos spawn (1)]
  8012 | D:9      | HP: 77/83 [centaur/arrow (6)]
  8057 | D:9      | Found the +7 mace of Variability {chain chaos}
  8062 | D:9      | Found a shimmering altar of Xom.
  8200 | D:9      | Identified the +6 demon blade of Reason {freeze, Dex+4}
  8206 | D:9      | Reached skill level 10 in Dodging
  8242 | D:9      | Noticed a cyclops
  8247 | D:9      | HP: 80/84 [sky beast (4)]
  8252 | D:9      | HP: 26/84 [cyclops/large rock (35)]
  8257 | D:9      | Killed a cyclops
  8356 | D:9      | HP: 82/84 [something (2)]
  8361 | D:9      | HP: 64/84 [something (6)]
  8366 | D:9      | Killed an unseen horror
  8464 | D:9      | HP: 82/84 [adder (2)]
  8484 | D:9      | HP: 69/84 [ogre/+0 giant club (15)]
  8502 | D:9      | HP: 70/84 [wyvern (9)]
  8689 | D:9      | HP: 73/84 [orc warrior/+2 vorpal hand axe (11)]
  8692 | D:9      | Reached skill level 20 in Polearms
  8889 | D:10     | Entered Level 10 of the Dungeon
  8892 | D:10     | HP: 83/85 [necrophage (2)]
  8901 | D:10     | Found Gantiubb's Gadget Boutique.
  8952 | D:10     | Received a gift from Trog
  9111 | D:10     | HP: 80/85 [centaur (5)]
  9395 | D:10     | HP: 84/85 [hound (1)]
  9655 | D:10     | HP: 83/85 [ice beast (2)]
  9704 | D:10     | Reached XP level 12. HP: 92/92 MP: 12/12
  9791 | D:11     | HP: 89/92 [something (3)]
  9852 | D:11     | HP: 85/92 [orc/+2 flail of holy wrath (7)]
  9867 | D:11     | HP: 82/92 [manticore/volley of spikes (10)]
  9873 | D:11     | HP: 77/92 [manticore (4)]
  9896 | D:11     | Found a flagged portal.
  9916 | Bailey   | Entered a bailey
  9990 | Bailey   | HP: 84/93 [gnoll/+2 halberd of electrocution (9)]
  9996 | Bailey   | HP: 84/93 [gnoll/+2 halberd of electrocution (3)]
 10083 | Bailey   | HP: 92/93 [gnoll/+2 halberd of electrocution (1)]
 10126 | Bailey   | HP: 91/93 [hobgoblin/boomerang (2)]
 10131 | Bailey   | HP: 70/93 [orc knight/+0 halberd (4)]
 10141 | Bailey   | HP: 56/93 [orc knight/+0 halberd (4)]
 10340 | D:11     | HP: 87/93 [basilisk (6)]
 10382 | D:11     | HP: 85/93 [wight/+3 falchion (8)]
 10443 | D:11     | Noticed Nergalle
 10455 | D:11     | HP: 89/93 [orc warrior/+0 halberd (4)]
 10457 | D:11     | Killed Nergalle
 10462 | D:11     | Received a gift from Trog
 10522 | D:11     | HP: 87/94 [cyan ugly thing (7)]
 10573 | D:11     | Found a sparkling altar of Nemelex Xobeh.
 10738 | D:11     | HP: 93/94 [worker ant (1)]
 10743 | D:11     | HP: 93/94 [poisoned by a worker ant]
 10749 | D:11     | HP: 93/94 [poisoned by a worker ant]
 10758 | D:11     | HP: 93/94 [poisoned by a worker ant]
 10981 | D:12     | Found a staircase to the Orcish Mines.
 11073 | D:12     | HP: 87/94 [slime creature (7)]
 11089 | D:12     | HP: 90/95 [slime creature (5)]
 11099 | D:12     | Found Jigary's Weapon Shoppe.
 11151 | D:12     | Noticed a five-headed hydra
 11186 | D:12     | HP: 86/96 [six-headed hydra (10)]
 11191 | D:12     | HP: 42/144 [six-headed hydra (10)]
 11193 | D:12     | Killed a six-headed hydra
 11193 | D:12     | Reached skill level 21 in Polearms
 11354 | D:12     | Noticed Maurice
 11354 | D:12     | Noticed a two-headed ogre
 11365 | D:12     | Killed a two-headed ogre
 11365 | D:12     | Reached skill level 10 in Fighting
 11365 | D:12     | HP: 139/144 [something/iceblast (5)]
 11367 | D:12     | Killed Maurice
 11460 | D:12     | HP: 91/96 [large slime creature (5)]
 11493 | D:12     | HP: 95/96 [centaur/arrow (1)]
 11529 | D:12     | HP: 92/96 [centaur warrior zombie (4)]
 11551 | D:12     | HP: 87/96 [cyan ugly thing (9)]
 11793 | D:12     | Found Maggeus's Food Boutique.
 11793 | D:12     | Noticed Kirke
 11796 | D:12     | Reached XP level 13. HP: 103/103 MP: 13/13
 11800 | D:12     | HP: 101/103 [hog[Kirke] (2)]
 11806 | D:12     | HP: 96/103 [hog[Kirke] (7)]
 11821 | D:12     | HP: 151/154 [acid dragon (3)]
 11826 | D:12     | HP: 148/154 [something (5)]
 11833 | D:12     | HP: 127/154 [harpy[Kirke] (4)]
 11841 | D:12     | HP: 112/154 [harpy[Kirke] (1)]
 11847 | D:12     | Killed Kirke
 12012 | D:13     | Found a gate to the Vaults.
 12012 | D:13     | HP: 99/103 [+3 long sword (4)]
 12018 | D:13     | HP: 84/103 [+3 long sword (12)]
 12027 | D:13     | Reached skill level 1 in Throwing
 12064 | D:13     | HP: 96/104 [orc warrior/+2 war axe of electrocution (8)]
 12069 | D:13     | HP: 83/104 [orc warrior/+2 war axe of electrocution (5)]
 12185 | D:13     | HP: 99/104 [shadow imp/nerve-wracking pain (5)]
 12228 | D:13     | HP: 80/104 [gargoyle/stone arrow (24)]
 12549 | D:13     | HP: 88/105 [centaur warrior/arrow (17)]
 12695 | D:13     | HP: 101/105 [something (4)]
 12786 | D:14     | HP: 96/105 [tengu warrior/+0 long sword (9)]
 12863 | D:14     | HP: 98/105 [centaur warrior/arrow (7)]
 12924 | D:14     | HP: 82/105 [deep elf mage/bolt of magma (23)]
 12942 | D:14     | HP: 90/105 [wolf spider (3)]
 12946 | D:14     | Reached ****** piety under Trog
 12947 | D:14     | HP: 80/105 [poisoned by a wolf spider]
 12952 | D:14     | HP: 74/105 [poisoned by a wolf spider]
 12957 | D:14     | HP: 71/105 [poisoned by a wolf spider]
 12962 | D:14     | HP: 69/105 [poisoned by a wolf spider]
 12968 | D:14     | HP: 69/105 [poisoned by a wolf spider]
 12974 | D:14     | HP: 70/105 [poisoned by a wolf spider]
 12982 | D:14     | HP: 74/105 [poisoned by a wolf spider]
 12990 | D:14     | HP: 77/105 [poisoned by a wolf spider]
 13100 | D:14     | HP: 93/105 [ogre/+0 giant club (12)]
 13107 | D:14     | Received a gift from Trog
 13391 | D:14     | HP: 100/105 [centaur warrior/arrow (5)]
 13456 | D:14     | HP: 102/105 [something (3)]
 13494 | D:14     | HP: 99/105 [seven-headed hydra (6)]
 13498 | D:14     | HP: 45/105 [ten-headed hydra (9)]
 13514 | D:14     | HP: 79/157 [ten-headed hydra (4)]
 13516 | D:14     | Reached skill level 22 in Polearms
 13658 | D:14     | HP: 102/105 [water moccasin (3)]
 13664 | D:14     | HP: 101/105 [poisoned by a water moccasin]
 13669 | D:14     | HP: 101/105 [poisoned by a water moccasin]
 13674 | D:14     | HP: 102/105 [poisoned by a water moccasin]
 13901 | D:15     | Entered Level 15 of the Dungeon
 14029 | D:15     | HP: 87/106 [something (19)]
 14122 | D:15     | HP: 155/159 [ogre mage/+0 vorpal halberd (4)]
 14132 | D:15     | Reached XP level 14. HP: 113/113 MP: 14/14
 14136 | D:15     | HP: 110/113 [ogre mage/+0 vorpal halberd (1)]
 14206 | D:15     | HP: 93/113 [cyclops/large rock (20)]
 14209 | D:15     | Reached skill level 5 in Throwing
 14214 | D:15     | HP: 87/113 [two-headed ogre/+0 giant spiked club (11)]
 14227 | D:15     | HP: 127/171 [eight-headed hydra (7)]
 14289 | D:15     | HP: 112/114 [something (2)]
 14304 | D:15     | HP: 111/114 [something (3)]
 14312 | D:15     | HP: 110/114 [something (4)]
 14317 | D:15     | HP: 94/114 [two-headed ogre/+0 giant spiked club (19)]
 14367 | D:15     | Reached skill level 15 in Dodging
 14368 | D:15     | HP: 108/114 [centaur warrior/arrow (6)]
 14373 | D:15     | HP: 74/114 [centaur warrior/arrow (6)]
 14377 | D:15     | HP: 33/114 [fire dragon (7)]
 14378 | D:15     | Found a staircase to the Depths.
 14381 | D:15     | HP: 15/114 [centaur warrior/arrow (18)]
 14528 | D:15     | HP: 112/114 [centaur/arrow[a centaur warrior] (2)]
 14534 | D:15     | HP: 103/114 [centaur/arrow[a centaur warrior] (6)]
 14539 | D:15     | HP: 95/114 [centaur/arrow[a centaur warrior] (2)]
 14544 | D:15     | HP: 94/114 [centaur[a centaur warrior] (3)]
 14550 | D:15     | HP: 92/114 [centaur[a centaur warrior] (2)]
 14566 | D:15     | HP: 93/114 [centaur warrior/arrow (9)]
 14569 | D:15     | HP: 40/114 [centaur warrior/arrow (7)]
 14739 | D:15     | HP: 165/171 [fire dragon/blast of flame (6)]
 14746 | D:15     | HP: 153/171 [fire dragon/blast of flame (10)]
 14828 | D:15     | HP: 95/115 [cyclops/large rock (20)]
 14883 | D:15     | HP: 168/172 [fire dragon (4)]
 14935 | D:15     | Found a shimmering altar of Xom.
 14979 | D:15     | HP: 110/115 [two-headed ogre/+0 giant spiked club (5)]
 15291 | Lair:1   | Entered Level 1 of the Lair of Beasts
 15337 | Lair:1   | HP: 111/115 [wolf (4)]
 15440 | Lair:1   | HP: 110/115 [crocodile (5)]
 15521 | Lair:1   | HP: 104/115 [rime drake/flash freeze (11)]
 16074 | Lair:2   | HP: 109/115 [yak (6)]
 16165 | Lair:2   | Received a gift from Trog
 16168 | Lair:2   | HP: 112/115 [merfolk/+0 trident (3)]
 16180 | Lair:2   | HP: 99/115 [merfolk/+0 trident (16)]
 16206 | Lair:2   | Found a staircase to the Shoals.
 16922 | Lair:3   | Found a staircase to the Snake Pit.
 16940 | Lair:3   | HP: 105/115 [naga/+0 trident (10)]
 16966 | Lair:3   | HP: 112/115 [hippogriff (3)]
 16985 | Lair:3   | HP: 110/115 [porcupine's spines (5)]
 16990 | Lair:3   | Noticed Fannar
 16991 | Lair:3   | HP: 108/115 [Fannar/+0 quarterstaff of freezing (4)]
 16994 | Lair:3   | Killed Fannar
 16994 | Lair:3   | Reached skill level 23 in Polearms
 16996 | Lair:3   | HP: 105/115 [water moccasin (4)]
 17009 | Lair:3   | HP: 154/172 [komodo dragon (14)]
 17087 | Lair:3   | HP: 112/115 [rime drake (3)]
 17609 | Lair:4   | HP: 110/115 [hippogriff (5)]
 17804 | Lair:4   | HP: 105/115 [yak (10)]
 17949 | Lair:4   | Reached XP level 15. HP: 121/121 MP: 15/15
 17972 | Lair:4   | HP: 112/121 [porcupine's spines (9)]
 18078 | Lair:4   | HP: 109/121 [porcupine's spines (12)]
 18421 | Lair:5   | Found a viscous altar of Jiyva.
 18421 | Lair:5   | Found a staircase to the Slime Pits.
 18442 | Lair:5   | HP: 116/121 [four-headed hydra (5)]
 18641 | Lair:5   | HP: 119/121 [bullfrog (2)]
 18718 | Lair:5   | Received a gift from Trog
 18730 | Lair:5   | Reached skill level 24 in Polearms
 18736 | Lair:5   | Got a masterwork halberd {god gift}
 18737 | Lair:5   | Identified the +12 halberd of Tepn {flame, +Fly rC+} (Trog
                  | gifted it to you on level 5 of the Lair of Beasts)
 18814 | Lair:5   | HP: 117/121 [adder (4)]
 18838 | Lair:5   | HP: 117/121 [dream sheep (4)]
 18843 | Lair:5   | HP: 118/121 [dream sheep (2)]
 18945 | Lair:5   | HP: 118/121 [water moccasin (3)]
 18950 | Lair:5   | HP: 114/121 [water moccasin (5)]
 18972 | Lair:5   | HP: 119/121 [water moccasin (2)]
 18977 | Lair:5   | HP: 111/121 [poisoned by a water moccasin]
 18982 | Lair:5   | HP: 86/121 [poisoned by a water moccasin]
 18987 | Lair:5   | HP: 85/121 [poisoned by a water moccasin]
 18992 | Lair:5   | HP: 86/121 [poisoned by a water moccasin]
 18997 | Lair:5   | HP: 87/121 [poisoned by a water moccasin]
 19003 | Lair:5   | HP: 89/121 [poisoned by a water moccasin]
 19011 | Lair:5   | HP: 93/121 [poisoned by a water moccasin]
 19122 | Lair:5   | HP: 110/121 [electric eel/bolt of electricity (11)]
 19285 | Lair:6   | Entered Level 6 of the Lair of Beasts
 19334 | Lair:6   | HP: 110/121 [dream sheep (11)]
 19369 | Lair:6   | HP: 107/121 [black mamba (14)]
 19376 | Lair:6   | HP: 103/121 [crocodile (2)]
 19414 | Lair:6   | HP: 114/121 [water moccasin (7)]
 19457 | Lair:6   | HP: 118/121 [yak (3)]
 19486 | Lair:6   | HP: 107/121 [komodo dragon (14)]
 19528 | Lair:6   | Found a transporter.
 19538 | Lair:6   | Found a transporter.
 19686 | Lair:6   | HP: 112/121 [elephant (9)]
 19691 | Lair:6   | HP: 96/121 [elephant (11)]
 19697 | Lair:6   | HP: 84/121 [elephant (15)]
 19700 | Lair:6   | Reached skill level 25 in Polearms
 19703 | Lair:6   | HP: 76/121 [three-headed hydra (1)]
 19796 | Lair:6   | Found a one-way gate to the infinite horrors of the Abyss.
 19796 | Lair:6   | Noticed Vuotul's ghost (journeyman GrFE)
 19812 | Lair:6   | HP: 114/121 [wolf (7)]
 19814 | Lair:6   | Received a gift from Trog
 20010 | Lair:6   | HP: 119/121 [wolf (2)]
 20112 | Lair:6   | HP: 106/121 [raiju/living lightning (15)]
 20170 | Lair:6   | HP: 104/121 [polar bear (17)]
 20181 | Lair:6   | HP: 103/121 [polar bear (1)]
 20222 | Lair:6   | HP: 110/121 [dire elephant (11)]
 20227 | Lair:6   | HP: 84/121 [dire elephant (3)]
 20234 | Lair:6   | HP: 81/121 [polar bear (7)]
 20392 | Lair:6   | HP: 113/121 [hell hound/blast of flame (8)]
 20405 | Lair:6   | HP: 109/121 [hell hound/blast of flame (12)]
 20410 | Lair:6   | HP: 103/121 [hell hound/blast of flame (6)]
 20424 | Lair:6   | HP: 102/121 [wolf (9)]
 20494 | Lair:6   | Noticed Nessos
 20495 | Lair:6   | HP: 109/121 [Nessos/arrow (12)]
 20500 | Lair:6   | HP: 76/121 [poisoned by Nessos]
 20503 | Lair:6   | HP: 34/121 [Nessos/arrow (19)]
 20510 | Lair:6   | HP: 27/122 [Nessos/arrow (13)]
 20511 | Lair:6   | HP: 2/122 [Nessos/arrow (22)]
 20511 | Lair:6   | Shot with an arrow by Nessos

Illustrated notes

Levels and vault maps discovered:
D:1:      dpeg_arrival_short_road, layout_loops_cross
D:2:      layout_loops_ring, st_stairs_5, kennysheep_generic_room_13,
          uniq_crazy_yiuf_cottage, uniq_sigmund
D:3:      layout_basic, gammafunk_temple_overflow_wave, kennysheep_crisscross
D:4:      layout_cave_pools, uniq_eustachio, uniq_natasha
D:5:      layout_basic, vehumet_statue, first_ration
D:6:      lemuel_insect_pit, layout_basic, lemuel_crystal_altar,
          minmay_temple_entry_ruins, gammafunk_ghost_cemetery, led_sif_pool
D:7:      layout_loops_cross, the_bakery, minmay_misc_feat_roman,
          minmay_a_box_with_orc_wizards_in_it, uniq_harold
D:8:      cheibrodos_statue_roulette, layout_rooms, lair_entry_dummy,
          serial_shops, shop_statue, chequers_serial_rivers_large_a,
          minmay_misc_feat_room, guppyfry_shop_venom
D:9:      minmay_the_grid_octo_tiled_squarecenter
          [minmay_the_grid_octo_fan_narrow, minmay_the_grid_octo_focus,
          minmay_the_grid_octo_77, minmay_the_grid_octo_fat_diamond,
          minmay_the_grid_square_5x5_megaprize_crossed,
          minmay_the_grid_square_5x5_checkered_sparse,
          minmay_the_grid_square_5x5_six_small,
          minmay_the_grid_square_5x5_doubleslash, minmay_the_grid_square_5x5_z],
          layout_long_grid, minmay_guarded_unrand_variability
D:10:     layout_grid_maze, serial_shops, shop, minivault_1
D:11:     layout_loops_ring, enter_bailey_6, nemelex_diamond_rough_becter,
          uniq_nergalle
D:12:     layout_stronghold, orc_0_dummy, serial_shops, nicolae_shop_trees,
          shop, uniq_maurice, uniq_kirke
D:13:     layout_irregular_city, erik_vaults_1
D:14:     layout_loops_cross, serial_park_tiny_1, minmay_quadrilaterals
D:15:     grunt_enter_depths_hoard, layout_cave_pools, minmay_fountain_box,
          basic_altar
Lair:1:   layout_roguey, minmay_holes, grunt_megastairs_4
Lair:2:   layout_cave_pods, elwin_shoals_entry_stream
Lair:3:   layout_loops_ring, minmay_snake_entry_guardpost_small, uniq_fannar
Lair:4:   layout_gridlike, grunt_megastairs_1
Lair:5:   lemuel_reptile_caves, layout_hall_layers, slime_altar_1,
          grunt_megastairs_3, infiniplex_staircase_pool
Lair:6:   hangedman_lair_caniforms_friends, layout_long_grid,
          gammafunk_ghost_abyssal_escape, st_stairs_12, lemuel_fruit_tree,
          uniq_nessos

Skill      XL: |  1  2  3  4  5  6  7  8  9 10 11 12 13 14 15 |
---------------+----------------------------------------------+-----
Polearms       | 5 6 9 10 11 14 17 19 20 21 22 23 25 | 25.9
Dodging        | 3 4 6 8 11 13 14 15 | 15.5
Fighting       | 5 8 10 11 12 | 12.7
Throwing       | 4 6 |  6.7
Armour         | |  1.3

Action                   |  1- 3 |  4- 6 |  7- 9 | 10-12 | 13-15 || total
-------------------------+-------+-------+-------+-------+-------++-------
Melee: Spear             |   113 |   157 |    56 |       |       ||   326
       Trident           |       |       |   371 |    72 |    16 ||   459
       Halberd           |       |       |       |   650 |    74 ||   724
       Tailslap          |       |       |       |     5 |     4 ||     9
       Glaive            |       |       |       |    92 |   378 ||   470
       Bardiche          |       |       |       |       |   482 ||   482
Throw: Boomerang         |     1 |       |       |       |       ||     1
Invok: Berserk           |     2 |     2 |     7 |     7 |     7 ||    25
       Trog's Hand       |       |       |     3 |       |       ||     3
       Brothers in Arms  |       |       |       |     1 |       ||     1
Evoke: Wand              |       |       |     7 |     3 |     1 ||    11
  Use: Scroll            |       |       |    13 |     6 |    15 ||    34
       Potion            |       |       |     1 |       |     2 ||     3
 Stab: Paralysed         |       |       |     3 |     1 |       ||     4
       Sleeping          |       |       |       |       |     7 ||     7
  Eat: Chunk             |     2 |     8 |    11 |    23 |    35 ||    79
       Ration            |       |       |     2 |     1 |       ||     3
Armor: Animal skin       |     4 |       |       |       |       ||     4
       Ring mail         |    13 |    21 |    75 |   111 |    15 ||   235
       Acid dragon scale |       |       |       |       |   128 ||   128
       Skin              |       |       |       |       |    11 ||    11
Dodge: Dodged            |    57 |    40 |   156 |   382 |   753 ||  1388
